 Dungeon Crawl Stone Soup version 0.27.1 (webtiles) character file.

Game seed: 13502402346798744884

25 Kala the Digger (level 3, -2/19 HPs)
             Began as a Gargoyle Earth Elementalist on Sept 2, 2021.
             Was a Follower of Qazlal.
             Slain by a hobgoblin (5 damage)
             ... on level 2 of the Dungeon.
             The game lasted 00:05:13 (1146 turns).

Kala the Digger (Gargoyle Earth Elementalist)       Turns: 1146, Time: 00:05:13

Health: -2/19      AC:  5    Str: 11    XL:     3   Next: 4%
Magic:  0/6        EV: 12    Int: 16    God:    Qazlal [*.....]
Gold:   29         SH:  1    Dex: 10    Spells: 2/6 levels left

rFire    . . .     SeeInvis .   (no weapon)
rCold    . . .     Faith    .   (no shield)
rNeg     + . .     Spirit   .   b - +0 robe
rPois    ∞         Reflect  .   (no helmet)
rElec    +         Harm     .   (no cloak)
rCorr    .         Rampage  .   (no gloves)
Will     .....                  (no boots)
Stlth    ++........             (no amulet)
HPRegen  0.06/turn              (no ring)
MPRegen  0.10/turn              (no ring)

@: very slightly contaminated
A: sickness immunity, AC +3, negative energy resistance 1, electricity
resistance, torment resistance 1, petrification resistance
a: Renounce Religion


You were on level 2 of the Dungeon.
You worshipped Qazlal.
Qazlal was aware of your devotion.
You visited 1 branch of the dungeon, and saw 2 of its levels.

You collected 29 gold pieces.

Inventory:

Armour
 b - a +0 robe (worn)
Scrolls
 a - a scroll of enchant armour {unknown}


   Skills:
 + Level 1.7 Dodging
 - Level 2.2 Stealth
 + Level 2.1 Spellcasting
 * Level 0.7 Conjurations
 - Level 0.7 Transmutations
 * Level 4.5 Earth Magic


You had 2 spell levels left.
You knew the following spells:

 Your Spells              Type           Power      Damage    Failure   Level
a - Sandblast             Erth           32%        2d9       3%          1
b - Stone Arrow           Conj/Erth      20%        3d8       21%         3

Your spell library contained the following spells:

 Spells                   Type           Power      Damage    Failure   Level
 Passwall                 Tmut/Erth      8%         N/A       11%         2
 Petrify                  Tmut/Erth      10%        N/A       56%         4


Dungeon Overview and Level Annotations

Branches:
Dungeon (2/15)

Altars:
Qazlal

Shops:
D:2 *


Innate Abilities, Weirdness & Mutations

You are immune to sickness and miasma.
Your stone body is resilient. (AC +3)
You are immune to poison.
You resist negative energy. (rN+)
You are resistant to electric shocks. (rElec)
You are resistant to unholy torment.
You are immune to petrification.


Message History

The bat hits you but does no damage.
Aiming: Sandblast (safe; 3% risk of failure)
Press: ? - help, Q - select action, (/) - cycle Shift-Dir - straight line, f - bat
Aim: a bat (69% to hit)
The blast of sand hits the bat!
You kill the bat!
Qazlal accepts your kill.
You now have no stones remaining.
This spell is extremely dangerous to cast!
Memorise Stone Arrow, consuming 3 spell levels and leaving 2?
You start memorising the spell.
You continue memorising. x3
You finish memorising.
Spell assigned to 'b'.
A hobgoblin comes into view. It is wielding a staff of cold.
You see here a bat corpse.
An adder comes into view.
The adder hisses angrily.
You don't have any stones to cast with.
You don't have any stones to cast with.
Casting: Sandblast (safe; 3% risk of failure)
Confirm with . or Enter, or press ? or * to list all spells.
You don't have any stones to cast with.
Casting: Sandblast (safe; 3% risk of failure)
Confirm with . or Enter, or press ? or * to list all spells.
The spell is extremely dangerous to cast (21% risk of failure)!
Continue anyway?
Aiming: Stone Arrow (extremely dangerous; 21% risk of failure)
Press: ? - help, Shift-Dir - straight line, f - adder
Aim: an adder (48% to hit)
You miscast Stone Arrow.
You are very lightly contaminated with residual magic.
You are caught in a violent explosion!
You miss the adder. The adder bites you but does no damage.
The adder barely misses you.
You miss the adder. You block the adder's attack.
You closely miss the adder. The adder closely misses you.
You closely miss the adder. The adder closely misses you. x2
The hobgoblin hits you with a staff of cold.
* * * LOW HITPOINT WARNING * * *
You barely miss the adder. The adder misses you.
The hobgoblin hits you with a staff of cold.
You die...

..#.#.......
#.#.#.......
######.#.#.......
#.g........#
#.#####..#.#
#.#......#.#
#†#.###.<#.# #.#g#
##.#h# . #g#@#
#...# ...
#†#S####...###..#..
#...........†).h...
#.#........###.#...
.....######.#
(....... #.#
..........# #..
........... ....
#####.#..... ...


You could see an adder and a hobgoblin.

Vanquished Creatures
  2 endoplasms
  2 giant cockroaches (D:1)
  2 goblins
  A hobgoblin (D:1)
  5 jackals
  A quokka (D:2)
  2 ball pythons (D:1)
  A bat (D:2)
  A frilled lizard (D:2)
  2 kobolds (D:1)
  2 rats
21 creatures vanquished.

Notes
Turn   | Place    | Note
-------+----------+-------------------------------------------
     0 | D:1      | Kala the Gargoyle Earth Elementalist began the quest for
                  | the Orb.
     0 | D:1      | Reached XP level 1. HP: 10/10 MP: 3/3
   115 | D:1      | Reached skill level 4 in Earth Magic
   170 | D:1      | Reached XP level 2. HP: 15/15 MP: 0/5
   524 | D:1      | Found a faded altar of an unknown god.
   533 | D:1      | Became a worshipper of Qazlal Stormbringer
   533 | D:1      | Reached * piety under Qazlal
  1029 | D:2      | Found Ixien's General Store.
  1090 | D:2      | Reached XP level 3. HP: 14/19 MP: 0/6
  1113 | D:2      | Learned a level 3 spell: Stone Arrow
  1146 | D:2      | Slain by a hobgoblin

Illustrated notes

Levels and vault maps discovered:
D:1:      tarquinn_simple_flora_water_f, layout_basic,
          hellmonk_ecumenical_altar_lost_god
D:2:      layout_basic, serial_shops, shop_statue, uniq_sigmund

Skill      XL: |  1 |
---------------+----+-----
Earth Magic    | 4 |  4.5
Dodging        | |  1.7
Stealth        | |  2.2
Spellcasting   | |  2.1
Conjurations   | |  0.7
Transmutations | |  0.7

Action                   || total
-------------------------++-------
Melee: Unarmed           ||    21
 Cast: Sandblast         ||    30
Armor: Robe              ||    12
Dodge: Dodged            ||    27
Block: Other             ||     2
